 BcadrenCrawl: Boulder Brew version 0.03.2.1-27-g9e5655dcad (webtiles) character file.

Game seed: 12495417884158730656, levelgen mode: deterministic

1892 esc the Skirmisher (level 8, -29/109 HPs) Minotaur Noble. Began on Jan 15, 2021. Was a Believer of Makhleb. Annihilated by a reaper ... wielding a +1 scythe of freezing ... summoned by a guardian mummy's death curse (42 damage) ... on level 3 of the Dungeon. The game lasted 00:21:05 (2958 turns).

esc the Skirmisher (Minotaur Noble)                 Turns: 2958, Time: 00:21:06

Health: -29/109    AC:  6    Str: 25    XL:     8 ^: 95
Magic:  11/11      EV:  6    Int:  7    God:    Makhleb [2* [66]]
Gold:   202        SH:  5    Dex: 11    Spells: 13/13 levels left

rFire    . . .     Vision   .   c - +3 demon whip (freeze)
rCold    . . .     Gourm    .   d - +0 nunchaku
rNeg     . . .     Faith    .   l - +0 ring mail
rPois    .         Spirit   .   (helmet restricted)
rElec    .         Reflect  .   (no cloak)
rCorr    +         Harm     .   (no gloves)
MR       .....                  (no boots)
Stlth    ..........             (no amulet)
HPRegen  0.46/turn              m - ring of resist corrosion
MPRegen  0.21/turn              (no ring)

@: berserking, very quick
A: retaliatory headbutt, horns 2
a: Minor Destruction, Renounce Religion


You were on level 3 of the Dungeon.
You worshipped Makhleb.
Makhleb was pleased with you.
You were not hungry.

You visited 1 branch of the dungeon, and saw 3 of its levels.
You also visited: Market.

You collected 180 gold pieces.
You spent 978 gold pieces at shops.

Inventory:

Weapons
 c - a +3 demon whip of freezing (weapon) Shields
 d - a +0 nunchaku (weapon)
Armour
 a - a +0 robe
 l - a +0 ring mail (worn)
Jewellery
 m - a ring of resist corrosion (left hand)
 r - an uncursed ring of wizardry
Scrolls
 e - 2 scrolls of amnesia
 g - 3 scrolls of teleportation
 j - a scroll of fear
 n - a scroll of blinking
 p - a scroll of magic mapping
Potions
 h - a potion of might
 o - a potion of cancellation
 q - a potion of haste
Comestibles
 b - 7 rations
 f - a chunk of flesh


   Skills:
 + Level 7.0 Fighting
 + Level 6.9 Whips & Flails
 + Level 5.0 Armour
 - Level 3.0 Dodging
 - Level 3.8 Stealth
 - Level 3.0 Spellcasting


You had 13 spell levels left.
You didn't know any spells.
Your spell library was empty.

Dungeon Overview and Level Annotations

Branches:
Dungeon (3/8)

Altars:
Ashenzari
Cheibriados
Elyvilon
Hepliaklqana
Kikubaaqudgha
Makhleb
Ru
Sif Muna
Uskayaw


Innate Abilities, Weirdness & Mutations

You reflexively headbutt those who attack you in melee.
You have a pair of horns on your head.


Message History

Makhleb accepts your kill.
Your Fighting skill increases to level 7!
Your Armour skill increases to level 5!
You feel extremely nervous for a moment...
Death has come for you...
A mummy comes into view.
You whack the reaper (12)! You freeze the reaper (3).
You hit the reaper but do no damage.
The reaper is lightly wounded. (69/84) HP The reaper hits you with a scythe of freezing (15)!
* * * LOW HITPOINT WARNING * * *
The reaper freezes you (4).
* * * LOW HITPOINT WARNING * * *
Some of the chunks of flesh in your inventory have rotted away.
A red film seems to cover your vision as you go berserk!
You feel yourself moving faster!
You feel mighty!
You whack the reaper (13)! You freeze the reaper (2). You sock the reaper (15)!
The reaper is heavily wounded. (39/84) HP The reaper hits you with a scythe of freezing (42)!!!
You die...

#########
.M.....##
###......## ...
##)##/.....#
...##...##@....#
...........2...#
......8.......##
.............##
#.......##+#
##.....##
##.8.## #...#
#...#


You could see a reaper and a mummy.

Vanquished Creatures
  Eustachio (D:3)
  2 guardian mummies (D:3)
  A scorpion (D:3)
  4 big kobolds
  2 bullfrogs (D:2)
  A hound (D:3)
  6 jellies (D:2)
  4 mummies (D:3)
  An iguana (D:3)
  An orc wizard (D:3)
  9 giant cockroaches
  A porcupine zombie (D:3)
  4 adders
  31 sewer rats
  3 worms
  7 cinder newts
  A howler monkey zombie (D:3)
  A worker ant zombie (D:3)
  3 oozes
  A howler monkey skeleton (D:3)
  2 dart slugs (D:1)
  A leopard gecko (D:1)
  8 orcs (D:3)
  An adder skeleton (D:3)
  3 goblins (D:1)
  7 hobgoblins (D:1)
  3 jackals (D:3)
  22 kobolds
  A quokka (D:3)
  8 ball pythons
  A ball python skeleton (D:2)
  A ball python zombie (D:3)
  5 bats
  A bat skeleton (D:2)
  A goblin skeleton (D:2)
  A hobgoblin skeleton (D:2)
  3 leopard gecko skeletons (D:3)
  A leopard gecko zombie (D:3)
  A quokka skeleton (D:3)
  7 rats
162 creatures vanquished.

Vanquished Creatures (others)
  2 ball pythons (D:2)
  2 bats (D:2)
  150 withered plants (D:2)
154 creatures vanquished.

Grand Total: 316 creatures vanquished

Notes
Turn   | Place    | Note
-------+----------+-------------------------------------------
     0 | Start Ma | esc the Minotaur Noble began the quest for the Orb.
     0 | Start Ma | Reached XP level 1. HP: 16/16 MP: 1/1
     0 | Start Ma | Found Hevum's Mashing MeleeMart.
     0 | Start Ma | Found Buvohu Benu's Auxillary Armour.
    16 | Start Ma | Found Neezxes's Expert Tomes.
    39 | Start Ma | Bought a +0 demon whip for 600 gold pieces
    56 | Start Ma | Bought a +0 nunchaku for 378 gold pieces
    63 | D:1      | esc set off with the following items: a +0 robe, a ration,
                  | a +0 demon whip, a +0 nunchaku
   104 | D:1      | Reached skill level 1 in Stealth
   117 | D:1      | Reached skill level 1 in Whips & Flails
   117 | D:1      | Reached XP level 2. HP: 23/24 MP: 2/2
   171 | D:1      | Reached skill level 2 in Fighting
   208 | D:1      | Reached XP level 3. HP: 29/29 MP: 3/3
   280 | D:1      | Reached XP level 4. HP: 37/37 MP: 5/5
   712 | D:1      | Reached skill level 3 in Fighting
   712 | D:1      | Reached XP level 5. HP: 44/45 MP: 6/6
   956 | D:1      | Reached XP level 6. HP: 45/52 MP: 8/8
  1006 | D:2      | Reached skill level 4 in Fighting
  1170 | D:2      | Reached XP level 7. HP: 51/60 MP: 9/9
  1346 | D:2      | Found an ancient bone altar of Kikubaaqudgha.
  1351 | D:2      | Found a white marble altar of Elyvilon.
  1353 | D:2      | Found a sacrificial altar of Ru.
  1354 | D:2      | Found a burning altar of Makhleb.
  1357 | D:2      | Found a snail-covered altar of Cheibriados.
  1370 | D:2      | Became a worshipper of Makhleb the Destroyer
  1395 | D:2      | Found a shimmering blue altar of Sif Muna.
  1570 | D:2      | Reached skill level 5 in Fighting
  1570 | D:2      | Reached skill level 1 in Armour
  1570 | D:2      | Reached skill level 1 in Dodging
  1574 | D:2      | Reached * piety under Makhleb
  1574 | D:2      | Reached skill level 5 in Whips & Flails
  1609 | D:2      | Found a hide-covered altar of Uskayaw.
  1732 | D:2      | Reached XP level 8. HP: 68/68 MP: 11/11
  2347 | D:3      | Found a shattered altar of Ashenzari.
  2497 | D:3      | Found a shimmering blue altar of Sif Muna.
  2499 | D:3      | Found a hazy altar of Hepliaklqana.
  2511 | D:3      | Reached ** piety under Makhleb
  2718 | D:3      | Reached skill level 6 in Fighting
  2774 | D:3      | Noticed Eustachio
  2781 | D:3      | Killed Eustachio
  2955 | D:3      | Reached skill level 7 in Fighting
  2955 | D:3      | Reached skill level 5 in Armour
  2958 | D:3      | Annihilated by a reaper

Levels and vault maps discovered:
D:1:      lightli_arrival_windingriver, layout_basic,
          kennysheep_generic_room_15, portal_sewer_entry_e
D:2:      layout_sewer, chequers_temple_overflow_minitemple, old_standard_altar,
          basic_altar, first_ration, st_stairs_1
D:3:      ossuary_tomb_3, layout_rooms, nicolae_overflow_hidden_temple,
          uniq_eustachio

Skill      XL: |  1  2  3  4  5  6  7  8 |
---------------+-------------------------+-----
Stealth        | 1 2 3 |  3.8
Whips & Flails | 1 2 3 4 5 6 |  6.9
Fighting       | 2 3 4 5 7 |  7.0
Spellcasting   | 2 3 |  3.0
Armour         | 2 5 |  5.0
Dodging        | 2 3 |  3.0

Action                   |  1- 3 |  4- 6 |  7- 9 || total
-------------------------+-------+-------+-------++-------
Melee: Demon whip        |    20 |    59 |   122 ||   201
       Nunchaku          |    11 |    36 |    60 ||   107
       Headbutt          |       |     4 |     8 ||    12
  Use: Scroll            |       |     3 |     1 ||     4
       Potion            |       |       |     2 ||     2
 Stab: Sleeping          |     1 |     4 |     1 ||     6
  Eat: Chunk             |       |     1 |     7 ||     8
Armor: Robe              |     4 |    10 |     2 ||    16
       Ring mail         |       |       |    23 ||    23
Dodge: Dodged            |     2 |     4 |     9 ||    15
Block: Nunchaku          |     1 |     6 |     9 ||    16
